Cogmind - Beta 16 @@@ ROGUE MODE // 2025.11.16 @ 00:15:58 Player: guru-sr Result: Destroyed by as-70597 with Assembled Heavy Rifle Performance ------------- Evolutions (0) 0 Regions Visited (4) 800 Robots Destroyed (34) 170 Value Destroyed (611) 611 Prototype IDs (17) 340 Alien Tech Used (0) 0 Bonus (-11) -11 TOTAL SCORE: 1910 Bonus ------- Follower Combat Kills 21 Friendly Fire -32 Cogmind --------- Core Integrity 0/250 Matter 286/300 Energy 125/125 System Corruption 2% Temperature Cool (0) Movement Rolling (175) Ox5 Location -9/Mines Parts ------- > --- POWER (1) -------- Light Ion Engine > --- PROPULSION (2) --- Light Treads Compact Wheel > --- UTILITY (2) ------ Huge Storage Unit Improved Terrain Scanner > --- WEAPON (2) ------- Light Cannon Mini Grenade Launcher > --- INVENTORY (25) --- Ion Engine Light Ion Engine Light Treads Improved Heat Sink Large Battery (200) Large Matter Pod (150) Experimental Sensor Array Signal Interpreter Terrain Scan Processor Seismic Detector ECM Suite Core Shielding Light Armor Plating Light Armor Plating Light Armor Plating Hacking Suite Hacking Suite Tractor Beam Light Assault Rifle Light Assault Rifle Mini Grenade Launcher Datajack Mining Laser Peak State ------------ > --- POWER ------------ Ion Engine > --- PROPULSION ------- Light Treads Compact Wheel > --- UTILITY ---------- Huge Storage Unit Experimental Sensor Array > --- WEAPON ----------- Beam Cannon Light Cannon > --- INVENTORY -------- Ion Engine Ion Engine Light Treads Wheel Heat Sink Large Battery Sensor Array Signal Interpreter Improved Terrain Scanner Improved Terrain Scanner Seismic Detector ECM Suite Light Armor Plating Light Armor Plating Hacking Suite Hacking Suite Tractor Beam Small Laser Small Laser Light Assault Rifle Light Assault Rifle Datajack Mining Laser [Rating: 18] Favorites ----------- Power Ion Engine Engine Ion Engine Power Core Light Nuclear Core Propulsion Light Treads Treads Light Treads Wheel Compact Wheel Utility Improved Terrain Scanner Device Improved Terrain Scanner Storage Huge Storage Unit Weapon Beam Cannon Energy Gun Small Laser Energy Cannon Beam Cannon Ballistic Gun Light Assault Rifle Ballistic Cannon Light Cannon Launcher Rocket Launcher Special Weapon Mining Laser Special Melee Weapon Datajack Build | -11 -10 -10 -10 -9 ------- Run | Yrd Mat Min Exi Min Slots Evolved . | . . . . . Power . | . . . . . Propulsion . | . . . . . Utility . | . . . . . Weapon . | . . . . . Parts Attached 30 | 7 10 1 1 11 Power 7 | 1 2 . . 4 Engine 6 | 1 2 . . 3 Core 1 | . . . . 1 Reactor . | . . . . . Propulsion 7 | 2 1 . . 4 Treads 3 | 2 . . . 1 Leg . | . . . . . Wheel 4 | . 1 . . 3 Hover . | . . . . . Flight . | . . . . . Utility 5 | 2 1 1 . 1 Device 3 | 1 . 1 . 1 Storage 2 | 1 1 . . . Processor . | . . . . . Hackware . | . . . . . Protection . | . . . . . Artifact . | . . . . . Weapon 11 | 2 6 . 1 2 Energy Gun 2 | 1 1 . . . Energy Cannon 2 | . 2 . . . Ballistic Gun 2 | 1 1 . . . Ballistic Cannon 1 | . 1 . . . Launcher 2 | . . . . 2 Special Weapon 1 | . 1 . . . Impact Weapon . | . . . . . Slashing Weapon . | . . . . . Piercing Weapon . | . . . . . Special Melee Weapon 1 | . . . 1 . Unidentified Prototypes 1 | . . 1 . . Parts Lost 5 | . 2 . . 3 Power . | . . . . . Propulsion 1 | . . . . 1 Utility . | . . . . . Weapon 4 | . 2 . . 2 Highest Loss Streak 1 | . 1 . . 1 To Critical Strikes . | . . . . . Average Backups 19 | 3 14 22 23 22 Power 1 | . 1 2 2 1 Propulsion 1 | 1 1 2 2 1 Utility 10 | 1 8 12 13 14 Weapon 4 | . 3 5 5 4 Tool/Special . | . . . . . Unused Backups 22 | . 2 . . 20 Power 2 | . 1 . . 1 Propulsion 1 | . 1 . . . Utility 17 | . . . . 17 Weapon 2 | . . . . 2 Tool/Special . | . . . . . Average Slot Usage (%) 99 | . 99 100 100 99 Engine 13 | . 14 14 14 11 Treads 14 | . 14 14 14 14 Wheel 13 | . 13 14 14 13 Device 14 | . 14 14 14 14 Storage 14 | . 14 14 14 14 Energy Gun 2 | . 6 . . . Energy Cannon 11 | . 8 14 14 8 Ballistic Gun 7 | . 12 4 3 7 Ballistic Cannon 3 | . . 9 . 5 Launcher 1 | . . . . 6 Special Melee Weapon 1 | . . . 10 . Peak Build Rating 18 | 9 11 18 12 16 Average Rating 11 | 5 10 11 12 12 On Entrance 8 | . 9 11 12 12 Avg Prop Armor Cover (%) 12 | . 12 12 14 12 Naked Turns . | . . . . . Heaviest Build 93 | 14 91 92 90 93 Greatest Support 40 | 40 40 16 16 16 Greatest Overweight (x) 9 | 3 5 5 5 9 Average Overweight (x) 4 | . 4 5 5 6 Largest Inventory Capacity 25 | 8 25 25 25 25 Average Capacity 24 | 7 24 25 25 25 Most Carried 25 | 5 22 23 24 25 Average Carried 19 | 3 15 22 23 23 Final Capacity 25 | 8 25 25 25 25 Final Carried 24 | 5 22 23 24 23 Class Distribution -------------------- 91% | Mutant 8% | Scavenger-Mutant Dominant Class ---------------- Mutant | -10/Materials Mutant | -10/Mines Mutant | -10/Exiles Mutant | -9/Mines Resources | -11 -10 -10 -10 -9 ----------- Run | Yrd Mat Min Exi Min Matter Collected 1122 | 279 310 45 59 429 Remotely . | . . . . . Salvage Created 872 | 65 515 15 . 277 Parts 63 | 14 38 1 . 10 Haulers Intercepted . | . . . . . Recyclers Shooed 2 | . 2 . . . Parts Field Recycled . | . . . . . Retrieved Matter . | . . . . . Parts Self-Destructed . | . . . . . Prevented . | . . . . . Parts Restored . | . . . . . Kills | -11 -10 -10 -10 -9 ------- Run | Yrd Mat Min Exi Min Combat Hostiles Destroyed 31 | . 16 1 . 14 Guns 10 | . 10 . . . Cannons 17 | . 6 1 . 10 AOE 4 | . . . . 4 Classes Destroyed 9 | 1 4 . . 4 Worker 2 | . . . . 2 Builder 2 | . . . . 2 Tunneler 4 | 4 . . . . Recycler 1 | . . . . 1 Operator 2 | . 2 . . . Watcher 2 | . 2 . . . Swarmer 10 | . 8 1 . 1 Grunt 11 | . 8 . . 3 Assembled 10 | . . . . 10 Best Kill Streak 5 | 1 5 1 . 4 Combat Bots Only 5 | . 5 1 . 2 Max Kills in Single Turn 2 | 1 1 1 . 2 Gunslinging . | . . . . . Exploded 1 | . . . . 1 Melee . | . . . . . Uniques/NPCs Destroyed . | . . . . . Combat | -11 -10 -10 -10 -9 -------- Run | Yrd Mat Min Exi Min Hostile Shots Fired 120 | . 89 5 . 26 Missed 29 | . 18 1 . 10 Hits 91 | . 71 4 . 16 Melee 6 | . . . . 6 Projectile 85 | . 71 4 . 10 AOE 4 | . . . . 4 Critical Strikes 2 | . 1 . . 1 Damage Taken 1294 | . 640 52 . 602 Core 259 | . 155 . . 104 Absorbed by Shields . | . . . . . Regen/Repaired (Parts) 132 | . 132 . . . Core Remaining (%) 100 | 100 . . . . Volleys Fired 128 | 4 61 14 . 49 Largest 2 | 2 2 2 . 2 Hottest 100 | 60 100 100 . 80 Shots Fired 208 | 8 114 19 . 67 Gun 86 | 8 65 2 . 11 Cannon 95 | . 44 8 . 43 Launcher 13 | . . . . 13 Special 14 | . 5 9 . . Kinetic 95 | 4 46 5 . 40 Thermal 100 | 4 68 14 . 14 Explosive 13 | . . . . 13 Electromagnetic . | . . . . . Robot Hit Streak 9 | 3 9 1 . 8 Robot Miss Streak 5 | 1 5 3 . 2 Penetration Max . | . . . . . Secondary Targets . | . . . . . Shots Hit Robots 121 | 6 68 3 4 40 Core Hits 61 | 4 27 2 . 28 Critical Kills . | . . . . . Critical Parts Destroyed . | . . . . . Critical Strikes 1 | . . . . 1 Blast 1 | . . . . 1 Melee Attacks 4 | . . . 4 . Impact . | . . . . . Slashing . | . . . . . Piercing . | . . . . . Sneak Attacks 4 | . . . 4 . Combat Hostiles . | . . . . . Follow-up Attacks . | . . . . . Damage Inflicted 2290 | 78 1035 42 . 1135 Guns 675 | 78 556 6 . 35 Cannons 1058 | . 479 36 . 543 Explosions 557 | . . . . 557 Melee . | . . . . . Ramming . | . . . . . Kinetic 822 | 45 388 42 . 347 Thermal 911 | 33 647 . . 231 Explosive 557 | . . . . 557 Electromagnetic . | . . . . . Impact . | . . . . . Slashing . | . . . . . Piercing . | . . . . . Highest Corruption 2 | . . . . 2 Average Corruption 2 | . . . . 2 Corruption Purged . | . . . . . Corruption Blocked . | . . . . . Effects 3 | . . . . 3 Message Errors 1 | . . . . 1 Heat Flow Errors 1 | . . . . 1 Data Loss (minor) 1 | . . . . 1 Overload Shots . | . . . . . Overflow Damage 16 | . 16 . . . Projectiles 16 | . 16 . . . Explosions . | . . . . . Melee . | . . . . . Knockbacks 6 | . . 1 . 5 Impact . | . . . . . Kinetic 6 | . . 1 . 5 Secondary . | . . . . . Self-Inflicted Damage 139 | . . . . 139 Shots 4 | . . . . 4 Rammed . | . . . . . Targets Rammed . | . . . . . Kicked . | . . . . . Crushed . | . . . . . Highest Temperature 377 | . 377 60 . 193 Average Temperature 84 | . 107 27 . 69 Received Heat Transfer 234 | . 174 9 . 51 Effects 3 | . 3 . . . Shutdowns 1 | . 1 . . . Matter Decay 1 | . 1 . . . Damage (minor) 1 | . 1 . . . Siege Activations . | . . . . . Martial Activations . | . . . . . Shielding Activations . | . . . . . Robots Disrupted . | . . . . . Combat Hostiles . | . . . . . Robots Corrupted . | . . . . . Combat Hostiles . | . . . . . Parts Fried 1 | . . . . 1 Impact Corruptions . | . . . . . Robots Melted . | . . . . . Combat Hostiles . | . . . . . Parts Melted 4 | . 1 . . 3 Heat Transferred 1906 | 75 1350 . . 481 Parts Sabotaged . | . . . . . Parts Stolen . | . . . . . Parts Stripped . | . . . . . Power Chain Reactions . | . . . . . Alert | -11 -10 -10 -10 -9 ------- Run | Yrd Mat Min Exi Min Maximum Alert Level 1 | . 1 . . . Low Security (%) 97 | 100 94 100 . 100 Level 1 2 | . 5 . . . Level 2 . | . . . . . Level 3 . | . . . . . Level 4 . | . . . . . Level 5 . | . . . . . High Security . | . . . . . Max Security . | . . . . . Peak Influence 217 | 5 217 70 . 61 Initial 53 | . . 53 . . Average 43 | . 100 9 . 11 Influence Increases 887 | 20 530 80 . 257 Destroy 0b10 Robot/C 480 | . 320 60 . 100 Destroy 0b10 Robot/NC 60 | 20 15 . . 25 Destroy Leader 84 | . 54 10 . 20 Allied During Kill 16 | . . 8 . 8 Successful Hack 32 | . 32 . . . Select Force Hacks 60 | . 60 . . . Disable Machine 45 | . 45 . . . Destroy Structure 95 | . 4 2 . 89 Lose Combat Pursuer 15 | . . . . 15 Influence Decreases 864 | 20 393 217 . 234 Entered New Map 84 | . . 84 . . Time Decay 700 | 20 373 133 . 174 Lost Part 49 | . 20 . . 29 Lost Ally 31 | . . . . 31 Squads Dispatched 3 | . 3 . . . Investigation 2 | . 2 . . . Extermination . | . . . . . Reinforcement 1 | . 1 . . . Assault . | . . . . . Garrison . | . . . . . Intercept . | . . . . . Searches Triggered . | . . . . . Construction Impeded . | . . . . . Haulers Reinforced . | . . . . . Active Scanning Responses . | . . . . . Cargo Convoy Interrupts . | . . . . . Stealth | -11 -10 -10 -10 -9 --------- Run | Yrd Mat Min Exi Min Distress Signals . | . . . . . Communications Jammed . | . . . . . Distress Signals . | . . . . . Times Spotted 51 | . 22 7 . 22 Peak Tracking Total 4 | . 3 3 . 4 Tactical Retreats 2 | . . . . 2 Traps | -11 -10 -10 -10 -9 ------- Run | Yrd Mat Min Exi Min Traps Triggered . | . . . . . Indirectly . | . . . . . Trap Hack Attempts . | . . . . . Triggered . | . . . . . Disarmed . | . . . . . Reprogrammed . | . . . . . Reused . | . . . . . Traps Extracted . | . . . . . Installed . | . . . . . Triggered . | . . . . . Most Traps Carried 3 | . . . . 3 Machines | -11 -10 -10 -10 -9 ---------- Run | Yrd Mat Min Exi Min Machines Disabled 3 | . 3 . . . Max in Single Turn 1 | . 1 . . . Machines Repaired . | . . . . . Machines Dismantled . | . . . . . Machines Sabotaged . | . . . . . Overloaded Fab Kills . | . . . . . Hacking | -11 -10 -10 -10 -9 --------- Run | Yrd Mat Min Exi Min Machines Accessed 11 | . 10 . 1 . Terminals 7 | . 7 . . . Fabricators . | . . . . . Repair Stations 1 | . 1 . . . Recycling Units 2 | . 2 . . . Scanalyzers . | . . . . . Garrison Access . | . . . . . Total Hacks 59 | . 36 . 23 . Successful 45 | . 22 . 23 . Failed 14 | . 14 . . . Catastrophic . | . . . . . Database Lockouts . | . . . . . Manual 23 | . 23 . . . Terminals 24 | . 24 . . . Fabricators . | . . . . . Repair Stations 4 | . 4 . . . Recycling Units 8 | . 8 . . . Scanalyzers . | . . . . . Garrison Access . | . . . . . Terminal Hacks 31 | . 8 . 23 . Record 23 | . . . 23 . Robot Analysis 5 | . 5 . . . Prototype ID Bank 1 | . 1 . . . Terminal Index 1 | . 1 . . . Zone Layout 1 | . 1 . . . Fabricator Hacks . | . . . . . Repair Station Hacks 3 | . 3 . . . Scan Component 2 | . 2 . . . Repair 1 | . 1 . . . Recycling Unit Hacks 2 | . 2 . . . Report Inventory 2 | . 2 . . . Scanalyzer . | . . . . . Garrison Access Hacks . | . . . . . Unauthorized Hacks 9 | . 9 . . . Terminals 3 | . 3 . . . Assimilate 1 | . 1 . . . Botnet 1 | . 1 . . . Operators 1 | . 1 . . . Fabricators . | . . . . . Repair Stations . | . . . . . Recycling Units 6 | . 6 . . . Monitor 1 | . 1 . . . Reject 1 | . 1 . . . Recyclers 1 | . 1 . . . Mask 1 | . 1 . . . Tunnel 2 | . 2 . . . Scanalyzers . | . . . . . Garrison Access . | . . . . . Data Cores Recovered . | . . . . . Used . | . . . . . Hacking Detections 8 | . 8 . . . Full Trace Events . | . . . . . Feedback Events . | . . . . . Feedback Blocked . | . . . . . Robot Schematics Acquired . | . . . . . Robots Built . | . . . . . Authchips . | . . . . . Time . | . . . . . Total Robot Build Rating . | . . . . . Part Schematics Acquired . | . . . . . Parts Built . | . . . . . Authchips . | . . . . . Time . | . . . . . Total Part Build Rating . | . . . . . Part Studies Acquired . | . . . . . Parts Repaired 1 | . 1 . . . Time 36 | . 36 . . . Parts Recycled . | . . . . . Recycled Matter . | . . . . . Retrieved Matter . | . . . . . Retrieved Components . | . . . . . Parts Scanalyzed . | . . . . . Part Schematics Acquired . | . . . . . Parts Damaged . | . . . . . Bothacking | -11 -10 -10 -10 -9 ------------ Run | Yrd Mat Min Exi Min Used RIF Installer . | . . . . . Robots Hacked 4 | . . . 4 . Non-combat 3 | . . . 3 . Combat 1 | . . . 1 . Robot Hacks Applied 4 | . . . 4 . parse_system 4 | . . . 4 . Relay Couplers Released . | . . . . . Fabnet Peak Effective % . | . . . . . Robots Rewired . | . . . . . Allies Hacked . | . . . . . Hacks Repelled . | . . . . . Allies | -11 -10 -10 -10 -9 -------- Run | Yrd Mat Min Exi Min Total Allies 4 | . 1 3 . . Largest Group 3 | . 1 3 2 2 Highest-Rated Group 40 | . 10 40 32 32 Highest-Rated Ally 16 | . 10 16 16 16 Total Orders 1 | . 1 . . . FOLLOW 1 | . 1 . . . Ally Attacks 25 | . . 5 . 20 Total Damage 247 | . . 56 . 191 Kills 3 | . . 2 . 1 Allies Corrupted . | . . . . . Allies Melted . | . . . . . Intel | -11 -10 -10 -10 -9 ------- Run | Yrd Mat Min Exi Min Active Infowar (turns) 3770 | 30 1243 1105 568 824 Sensors 1 | . . 1 . . Terrain 3769 | 30 1243 1104 568 824 Robot Analysis Total 5 | . 5 . . . Derelict Logs Recovered 2 | . . 1 . 1 Drone Launches . | . . . . . Drone Recoveries . | . . . . . Exploration | -11 -10 -10 -10 -9 ------------- Run | Yrd Mat Min Exi Min Turns Passed 3931 | 191 1243 1105 568 824 Spaces Moved 1900 | 100 539 589 319 353 Core 20 | 20 . . . . Treads 99 | 80 19 . . . Legs . | . . . . . Wheels 1781 | . 520 589 319 353 Hover . | . . . . . Flight . | . . . . . Fastest Speed 50 | 50 160 175 175 175 Average Speed 175 | 151 174 175 175 186 Slowest Speed 215 | 200 175 175 175 215 Overloaded Moves . | . . . . . Propulsion Burnouts . | . . . . . Robots Hopped . | . . . . . Potential Cave-ins . | . . . . . Cave-ins Triggered . | . . . . . Exploration Rate (%) 65 | 6 81 96 71 73 Regions Visited 4 Branch Regions 3 Pre-discovered Areas 4 | . 2 1 1 . Known Exits Taken 1 | . . 1 . . Unknown Exits Taken 3 | 1 1 . 1 . Scrap Searched 3 | . . 1 . 2 Spaces Dug 5 | . 4 1 . . Terrain Destroyed 142 | . 4 2 . 136 Melee . | . . . . . Projectile 6 | . 4 2 . . AOE 136 | . . . . 136 Terrain Rammed . | . . . . . Walls Destroyed . | . . . . . Machines Disabled . | . . . . . Actions | -11 -10 -10 -10 -9 --------- Run | Yrd Mat Min Exi Min Total 2252 | 130 714 624 326 458 Wait 115 | 10 72 15 . 18 Move 1896 | 99 538 588 318 353 Hop . | . . . . . Pick Up 43 | 8 22 1 1 11 Fast Attach 10 | 6 2 . . 2 Attach 6 | 1 2 . . 3 Detach . | . . . . . Swap 28 | . 12 6 3 7 Drop 22 | 2 5 . . 15 Fire 128 | 4 61 14 . 49 Melee 4 | . . . 4 . Ram . | . . . . . Kick . | . . . . . Crush . | . . . . . Escape Stasis . | . . . . . Rewire . | . . . . . Trap . | . . . . . Miscellaneous . | . . . . . Route ------- -11/Scrapyard -10/Materials (discovered 3 exits: [*Mat x2] / [*Min]) -10/Mines (discovered 3 exits: [*Mat] / *Exi / [Sub]) -10/Exiles (discovered 2 exits: [*Min x2]) -9/Mines (discovered 2 exits: [*Mat x2]) History --------- Turn | Location | Event 8 | -11/Scrapyard | Discovered new exit (range 15) 192 | -11/Scrapyard | Entered Materials 302 | -10/Materials | Build established: Mutant 462 | -10/Materials | Discovered new exit (range 16) 955 | -10/Materials | Repaired Broken Lgt. Treads 1026 | -10/Materials | Discovered new exit (range 15) 1151 | -10/Materials | Core integrity fell below 50% 1207 | -10/Materials | Discovered new exit (range 12) 1435 | -10/Materials | Entered Mines 1601 | -10/Mines | Excavation squad dispatched 1601 | -10/Mines | A large section of the Mines collapsed 1675 | -10/Mines | Assisted by bots powering up and referring to "LRC-V3" 1724 | -10/Mines | Identified exit to Exiles 1768 | -10/Mines | Deemed a non-threat by the Exiles lab entrance 1828 | -10/Mines | Learned location of Storage (-8) 2143 | -10/Mines | Discovered new exit (range 16) 2217 | -10/Mines | Found a damaged Exp. Sensor Array with a note attached 2221 | -10/Mines | Found Prototype Device 2222 | -10/Mines | Identified Exp. Sensor Array 2242 | -10/Mines | Discovered new exit (range 6) 2540 | -10/Mines | Entered Exiles 2540 | -10/Exiles | Accompanied by 2 allies 2570 | -10/Exiles | Discovered new exit (range 15) 2622 | -10/Exiles | Met 8R-AWN 2655 | -10/Exiles | Met EX-HEX 2750 | -10/Exiles | Met EX-DEC 2827 | -10/Exiles | Learned location of Zion (-6) 2867 | -10/Exiles | Met EX-BIN 3087 | -10/Exiles | Discovered new exit (range 14) 3108 | -10/Exiles | Entered Mines 3108 | -9/Mines | Accompanied by 2 allies 3205 | -9/Mines | Found a hidden stash of uninstalled traps 3405 | -9/Mines | Received a Rocket Launcher from a helpful Derelict 3459 | -9/Mines | Learned location of 1 exit from Materials 3487 | -9/Mines | Discovered new exit (range 5) 3543 | -9/Mines | Assembled infested the area 3548 | -9/Mines | Assisted by a Guerilla fighting off Assembled 3551 | -9/Mines | Core integrity fell below 20% 3870 | -9/Mines | Discovered new exit (range 9) 3909 | -9/Mines | Build established: Scavenger-Mutant 3932 | -9/Mines | Destroyed by as-70597 with Assembled Heavy Rifle Last Messages --------------- 03896_ Acquired 4 matter. 03898_ K-01 Serf collects debris. 03900_ Acquired 4 matter. 03901_ as-47501 knocked back. 03902_ Acquired 4 matter. 03902_ K-01 Serf collects debris. 03903_ as-47501 sneak attacks. 03903_ K-01 Serf system corrupted by crushing effect. 03904_ Acquired 4 matter. 03904_ K-01 Serf system terminally corrupted. 03905_ as-47501 destroyed. 03906_ Acquired 4 matter. 03907_ as-39005 destroyed. 03908_ Acquired 14 matter. 03911_ K-01 Serf collects debris. 03918_ The unstable cave ceiling collapses. 03921_ K-01 Serf collects debris. 03924_ The unstable cave ceiling collapses. 03924_ K-01 Serf collects debris. Map ----- +----------------------------------------------------+ | ???#??## #?????#?????#???????????????????????? | | ???????# ##??????????????????????????????????? | | ???????# #??????????????????????????????????? | | ?######## #??????????????????????????????????? | | ## ### #??????????????????????????????????? | | # #?# ##?????????????????????????????????? | | ### ###???????????????????????????????? | | ##??????????????????????????????? | | ## #??????????????????????????????? | | #### #??????#??????????????????????? | | ???## ### #?????????????????????????????? | | ????## ##??# ###???????????????????????????? | | ?????#####???? #??#???# ?????????????????????? | | ??????????????# #?#???? ?????????????????????? | | ???????????????## #?????? ?????????????????????? | | #?#??????????#??? #?#???? ##???????????????????? | | ??#####??????????? #?????? ##??????????????????? | | ?## #?#????????? #?????? ##?????????????????? | | ?# #???????#????#?????? ##????????????????? | | ?# #?#?????????????????? #????????????????? | | ?# #?????????#?????????? ##???????#???????? | | ## #??#??????# ???#??? #######?????????? | | # ##????????## ??????# ?????????? | | # ##???????# a ##### ??????????? | | # ###?????# $ * #???#???????????? | | ##???## %@% !%#?????????????????? | | #????# ###= !##?????#??????????# | | #???### ?????# ##?????#?? ????? ? # | | ## ##??#?????????## %#????#????? ????? # | | ##?###?????#?#??#?## = % #???????#??#????? # | | ##????????????##??# !%= #?????#?#?####### # | | ##???##???????##?# !% ##???#????# # | | #??????#?#???#??# = ! ##????#?## # | | # #?#?#?########### = #??###### %# | | ## ##????# ####%% ##??????# # | | ### ##??## <% %=% ! =*###?#?###?# "# | | #?# ##??# ! != = #??## ### & "# | | ?### #??# *=### ! # #??# # =% !%% # | | #??# ##?# =## #!######### ##= %# # | | ?#?# ### % #### # #?# % #% ### | | ??## ############ # # ### #### ==== | | ???## ##????#??#### =!%% #??## %##%#### | | ????## ##???##?#?#?# ! ######?###* #**### | | ????## #???#??????####=####?#????#### # %# | | ##### ##?#?##?????## #[# ############=!##%% # | | ## ##?????#???## ## ## ## # | | # ##?##???### = # # # ## ## | | # ##?????#*% %|% ! ## # # | | ## #?????#%# #! ## < | | ?## #???#?#=# ## # # | +----------------------------------------------------+ Best States ------------- Heat Dissipation 25 Energy Generation 14 Energy Capacity 250 Matter Stores 300 Matter Capacity 300 Sight Range 16 Terrain Scan Range 16 Terrain Scan Density 10 Evasion (%) 50 Recoil Reduction 2 Item Schematics ----------------- None Robot Schematics ------------------ None Fabricated ------------ Nothing Repaired ---------- Lgt. Treads | 5% | -10/Materials | Broken Studied --------- None Alien Tech Used ----------------- None Achievements -------------- None Challenges ------------ None Game ------ Seed RapidCoolantMatter Manual? 0 Play Time 00:38:35 Cumulative 23.9 hours Start 2025.11.15 @ 23:36:29 End 2025.11.16 @ 00:15:58 Sessions 1 Manual Loads 0 Difficulty Rogue Special Mode None Game No. 15 Rogue 15 Adventurer 0 Explorer 0 Win Type - Total 1 Types 1/0/0/0/0/0/0/0/0/0 Lore% 20 Gallery% 21 Achievement% 29 Wizard Run 0 Options --------- Layout 1 ASCII 0 Keyboard 0 Movement Mouse Keybinds 0 Fullscreen 1 Font 24/Smallcaps Map View 50x35 Zoom Use 0% Tactical HUD 1 Map Filters NONE Filters NONE Steam 1 RUN: cfdd8eed-1fb8-47fd-b977-7c00e07841fd